[Event "fics rated crazyhouse match"]
[Site "fics, Oklahoma City, OK USA"]
[Date "2000.02.26"]
[White "XXNoWay"]
[WhiteElo "2385"]
[Black "venomous"]
[BlackElo "2418"]
[TimeControl "60+0"]
[Result "1-0"]

1. e4 e6 2. Nc3 Nc6 3. Nf3 Nf6 4. Bb5 Bb4 5. d3 d5 6. e5 
Ng4 7. O-O O-O 8. Bg5 Be7 9. Bxc6 Bxg5 10. Nxg5 Qxg5 11. N@h3 Qe7 
12. Qxg4 B@f5 13. Qg5 Qxg5 14. Nxg5 bxc6 15. B@e7 Q@g6 16. Bxf8 Qxg5 17. R@g3 
N@g4 18. Bc5 Ba6 19. N@e7+ Kh8 20. Nxf5 exf5 21. B@e7 f6 22. exf6 gxf6 
23. Bxf6+ Qxf6 24. P@g5 Qxg5 25. Rxg4 Qxg4 26. N@f7+ Kg7 27. P@h6+ Kxf7 28. Q@g3 
Qxg3 29. fxg3 Q@f6 30. Q@g7+ Qxg7 31. hxg7 Q@f6 32. Q@f8+ Rxf8 33. gxf8=Q+ Kg6 
34. Qxf6+ Kxf6 35. Q@e7+ Kg6 36. R@g7+ Kh5 37. Qg5# 
{venomous checkmated} 1-0

[Event "fics rated crazyhouse match"]
[Site "fics, Oklahoma City, OK USA"]
[Date "2000.02.26"]
[White "venomous"]
[WhiteElo "2409"]
[Black "XXNoWay"]
[BlackElo "2394"]
[TimeControl "60+0"]
[Result "1-0"]

1. e4 e5 2. Bc4 Nf6 3. Nf3 d5 4. exd5 Nxd5 5. Nxe5 Bc5 6. d4 
Qe7 7. O-O Bd6 8. Bxd5 Bxe5 9. dxe5 P@e6 10. P@f6 gxf6 11. exf6 Qxf6 
12. B@g5 Qg6 13. N@f6+ Kf8 14. P@e7+ Kxe7 15. Nxh7+ Ke8 16. Nf6+ Kf8 17. P@h5 
Qxh5 18. Nxh5 Rxh5 
{XXNoWay resigns} 1-0

[Event "fics rated crazyhouse match"]
[Site "fics, Oklahoma City, OK USA"]
[Date "2000.02.26"]
[White "XXNoWay"]
[WhiteElo "2386"]
[Black "venomous"]
[BlackElo "2417"]
[TimeControl "60+0"]
[Result "1-0"]

1. e4 e6 2. Nc3 Nf6 3. Nf3 Bb4 4. e5 Nd5 5. Bc4 Nf4 6. O-O 
d5 7. exd6 cxd6 8. d4 P@g5 9. Nxg5 Qxg5 10. P@g3 Bxc3 11. Bxf4 Qe7 
12. bxc3 O-O 13. B@h4 f6 14. P@h6 gxh6 15. Bxh6 P@g7 16. Bxg7 Qxg7 17. N@h5 
Qg6 18. P@g7 Rf7 19. Nxf6+ Rxf6 20. Bxf6 Qxf6 21. R@f8+ Qxf8 22. gxf8=Q+ Kxf8 
23. P@g7+ Kxg7 24. Qh5 B@g6 25. Qg5 N@g8 26. P@h6+ Kf8 27. Q@g7+ Ke8 28. Qxg8+ 
R@f8 29. Qxf8+ Kxf8 30. R@d8+ B@e8 31. Bxe6 Bxe6 32. P@g7+ Kf7 33. N@h8+ Kg8 
34. Qxg6 hxg6 35. Rxe8+ Kh7 36. g8=Q+ Bxg8 37. Re7+ B@f7 38. Nxf7 N@h3+ 39. gxh3 
N@f3+ 40. Kh1 P@g2+ 41. Kxg2 Nh4+ 42. gxh4 P@f3+ 43. Kxf3 Q@f6+ 44. B@f4 Qxf4+ 
45. Kxf4 P@e5+ 46. Nxe5+ B@f7 47. N@g5+ Kh8 48. Q@g7# 
{venomous checkmated} 1-0

[Event "fics rated crazyhouse match"]
[Site "fics, Oklahoma City, OK USA"]
[Date "2000.02.26"]
[White "venomous"]
[WhiteElo "2408"]
[Black "XXNoWay"]
[BlackElo "2395"]
[TimeControl "60+0"]
[Result "1-0"]

1. e4 e6 2. d4 Nf6 3. Bd3 d5 4. e5 Ne4 5. Nh3 Bb4+ 6. c3 
Be7 7. O-O Ng5 8. Bxg5 Bxg5 9. N@h5 Rg8 10. Qg4 B@h6 11. f4 Be7 
12. Bxh7 Rh8 13. Nxg7+ Kf8 14. P@f6 Rxh7 15. fxe7+ Qxe7 16. P@f6 Qd7 17. B@e7+ 
Kg8 18. Nxe6+ B@g6 19. P@g5 P@f5 20. Qe2 fxe6 21. gxh6 Rxh6 22. B@g7 Rh7 
23. Ng5 N@f7 24. Nxh7 Kxh7 25. R@d8 Qc6 26. Rf3 P@g4 27. Rf1 Nxd8 28. Bxd8 
N@f7 29. N@g5+ Nxg5 30. fxg5 N@f7 31. N@f8+ Kg8 32. Nxg6 R@e8 33. Ne7+ Rxe7 
34. Bxe7 N@g6 35. B@h5 Nfh8 36. Bxg6 Nxg6 37. R@d8+ B@e8 38. Rxc8 Qd7 39. N@h6+ 
Kh7 40. Rxb8 Bf7 41. Rxa8 Bg8 42. Rxa7 Nxe7 43. fxe7 B@g6 44. B@f6 Qe8 
45. Rxb7 Qd7 46. Rxc7 Qxc7 47. P@f7 R@h1+ 48. Kxh1 B6xf7 49. R@h8+ Kg6 50. N@f8+ 
Kh5 51. R@h4+ Kxh4 52. Qf2+ Kh5 53. N@g3# 
{XXNoWay forfeits on time} 1-0

[Event "fics rated crazyhouse match"]
[Site "fics, Oklahoma City, OK USA"]
[Date "2000.02.26"]
[White "XXNoWay"]
[WhiteElo "2387"]
[Black "venomous"]
[BlackElo "2416"]
[TimeControl "60+0"]
[Result "0-1"]

1. e4 e6 2. Nc3 Nc6 3. Nf3 Bb4 4. Bb5 d6 5. d3 Bd7 6. O-O 
Nf6 7. Bg5 h6 8. Bxf6 Qxf6 9. Bxc6 bxc6 10. N@h5 Qg6 11. N@f4 Qh7 
12. d4 B@g6 13. Re1 Bxh5 14. Nxh5 B@g4 15. Ng3 Bxc3 16. bxc3 N@f4 17. B@f5 
exf5 18. exf5+ B@e6 19. fxe6 Bdxe6 20. B@e4 N@h3+ 21. gxh3 Nxh3+ 22. Kg2 Nf4+ 
23. Kg1 Qxe4 24. Rxe4 Nh3+ 25. Kg2 B@d5 26. Rxe6+ Bgxe6 27. B@h4 Nf4+ 28. Kf1 
P@g2+ 29. Ke1 P@g5 30. P@f6 gxf6 31. N@g7+ Kd7 32. Nxe6 Bxe6 33. B@a4 N@d8 
34. B@e4 R@h1+ 35. Nxh1 gxh1=Q+ 36. R@g1 P@d5 37. Rxh1 dxe4 38. P@d5 N@g2+ 39. Kd2 
Bxd5 40. Kc1 exf3 41. Q@b3 B@a3+ 42. Kb1 N@e2 43. Qxe2 Nxe2 44. Qxd5 Nxc3# 
{XXNoWay checkmated} 0-1

[Event "fics rated crazyhouse match"]
[Site "fics, Oklahoma City, OK USA"]
[Date "2000.02.26"]
[White "venomous"]
[WhiteElo "2423"]
[Black "XXNoWay"]
[BlackElo "2380"]
[TimeControl "60+0"]
[Result "0-1"]

1. e4 e6 2. d4 Nc6 3. Be3 Nf6 4. Bd3 d6 5. Nf3 Bd7 6. Nc3 
Rg8 7. O-O Be7 8. Qe2 d5 9. e5 Ng4 10. Bxh7 Nxe3 11. Bxg8 Nxf1 
12. R@h8 R@f8 13. P@h7 B@a6 14. Qxa6 bxa6 15. Rxf1 Bg5 16. N@h5 Q@g6 17. Bxf7+ 
Kxf7 18. B@g8+ Ke7 19. Nxg5 Qxg5 20. P@d6+ cxd6 21. exd6+ Kxd6 22. B@g3+ P@f4 
23. Nxf4 Rxf4 24. Bxf4+ Qxf4 25. P@g3 N@h3+ 26. Kh1 Nxf2+ 27. Rxf2 Qxf2 28. P@e5+ 
Kc7 29. N@h3 R@f1+ 30. R@g1 Qxg1+ 31. Nxg1 N@f2# 
{venomous checkmated} 0-1

[Event "fics rated crazyhouse match"]
[Site "fics, Oklahoma City, OK USA"]
[Date "2000.02.26"]
[White "XXNoWay"]
[WhiteElo "2389"]
[Black "venomous"]
[BlackElo "2414"]
[TimeControl "60+0"]
[Result "0-1"]

1. e4 e6 2. Nc3 Nc6 3. Nf3 Bb4 4. Bb5 d6 5. d3 Bd7 6. O-O 
Nf6 7. Bxc6 bxc6 8. Bg5 B@e7 9. Bxf6 Bxf6 10. N@h5 Bbxc3 11. bxc3 Bxc3 
12. d4 Rg8 13. B@h4 P@e7 14. Rb1 B@g4 15. Ng3 N@f4 16. N@g5 h6 17. Nxf7 
Kxf7 18. d5 cxd5 19. exd5 exd5 20. P@e3 Nxg2 21. Kxg2 P@h3+ 22. Kg1 P@f6 
23. N@f4 g5 24. P@g6+ Rxg6 25. Nxg6 Kxg6 26. Bxg5 hxg5 27. P@h5+ Kh7 28. Nxg5+ 
fxg5 29. P@g6+ Kh8 30. R@h7+ Kg8 31. Qxg4 Bxg4 32. B@f7+ Kf8 33. g7+ Bxg7 
34. Rxg7 N@f3+ 35. Kh1 Q@g2# 
{XXNoWay checkmated} 0-1

[Event "fics rated crazyhouse match"]
[Site "fics, Oklahoma City, OK USA"]
[Date "2000.02.26"]
[White "venomous"]
[WhiteElo "2421"]
[Black "XXNoWay"]
[BlackElo "2382"]
[TimeControl "60+0"]
[Result "1-0"]

1. e4 e6 2. d4 Nf6 3. Bd3 d5 4. e5 Ne4 5. Nh3 Bb4+ 6. c3 
Be7 7. O-O Nc6 8. Qc2 Bd7 9. Nd2 Nxd2 10. Bxd2 N@g5 11. Bxg5 Bxg5 
12. N@h5 B@h6 13. N@g4 Qe7 14. Bxh7 O-O-O 15. P@f6 gxf6 16. exf6 Qd6 17. P@e5 
Qf8 18. Nxh6 Qxh6 19. Nxg5 Qxg5 20. Ng3 P@f4 21. B@d2 N@h4 22. Bxf4 Qxf4 
23. B@e3 Qxg3 24. fxg3 B@e4 25. Bxe4 dxe4 26. Q@a8+ B@b8 27. P@a6 N@a5 28. axb7+ 
Nxb7 29. B@a6 Na5 30. P@b4 Bc6 31. bxa5 P@d3 32. N@e7+ Kd7 33. Qb3 N@e2+ 
34. Kh1 Nf3 35. gxf3 Nxg3+ 36. Kg2 
{XXNoWay forfeits on time} 1-0

[Event "fics rated crazyhouse match"]
[Site "fics, Oklahoma City, OK USA"]
[Date "2000.02.26"]
[White "XXNoWay"]
[WhiteElo "2375"]
[Black "venomous"]
[BlackElo "2428"]
[TimeControl "60+0"]
[Result "1-0"]

1. e4 e6 2. Nc3 Nc6 3. Nf3 Bb4 4. Bb5 d6 5. O-O Bd7 6. d4 
Nf6 7. Bg5 h6 8. Bxf6 Qxf6 9. Bxc6 bxc6 10. e5 Qe7 11. N@h5 B@f8 
12. N@f6+ gxf6 13. exf6 B@g4 14. fxe7 Bxe7 15. P@f6 Bxh5 16. fxe7 N@g4 17. B@h4 
P@g5 18. Nxg5 hxg5 19. Bxg5 f6 20. P@g7 Rg8 21. P@h7 Kxe7 22. hxg8=Q Rxg8 
23. R@f8 Rxf8 24. gxf8=Q+ Kxf8 25. R@h8+ R@g8 26. Rxg8+ Kxg8 27. R@h6 Nxh6 28. Bxh6 
P@g7 29. N@e7+ Kf7 30. Qxh5+ Kxe7 31. Q@f7+ Kd8 32. Bxg7 Kc8 33. Bxf6 R@b6 
34. Na4 Rb5 35. B@a6+ P@b7 36. Qe8+ Bxe8 37. Qxe8# 
{venomous resigns} 1-0

[Event "fics rated crazyhouse match"]
[Site "fics, Oklahoma City, OK USA"]
[Date "2000.02.26"]
[White "venomous"]
[WhiteElo "2419"]
[Black "XXNoWay"]
[BlackElo "2384"]
[TimeControl "60+0"]
[Result "0-1"]

1. e4 e6 2. d4 Nf6 3. Bd3 Be7 4. Be3 Rg8 5. Nf3 Ng4 6. O-O 
Nxe3 7. fxe3 B@g6 8. Nc3 d5 9. N@e5 dxe4 10. Bxe4 Bxe4 11. Nxe4 B@f5 
12. Ng3 P@f6 13. Nxf7 Kxf7 14. P@e4 Bg6 15. Ne5+ Kf8 16. Nxg6+ hxg6 17. B@h7 
N@h4 18. Bxg8 Kxg8 19. R@h3 B@g5 20. P@f4 Nxg2 21. fxg5 Nxe3 22. gxf6 Bxf6 
23. P@h7+ Kh8 24. Qe2 Nxf1 25. Qxf1 R@f8 26. B@g8 Bxd4+ 27. B@f2 Rxf2 28. Qxf2 
Bxf2+ 29. Kh1 P@g2+ 30. Kxg2 P@f3+ 31. Kxf2 Q@g2+ 32. Ke3 Qdd2# 
{venomous checkmated} 0-1

[Event "fics rated crazyhouse match"]
[Site "fics, Oklahoma City, OK USA"]
[Date "2000.02.26"]
[White "XXNoWay"]
[WhiteElo "2393"]
[Black "venomous"]
[BlackElo "2410"]
[TimeControl "60+0"]
[Result "1-0"]

1. e4 e6 2. Nc3 Nc6 3. Nf3 Bb4 4. Bb5 d6 5. O-O Bd7 6. d4 
Nf6 7. Bxc6 bxc6 8. e5 Bxc3 9. bxc3 Nd5 10. B@h4 B@e7 11. c4 Bxh4 
12. cxd5 cxd5 13. Nxh4 Qxh4 14. B@g3 Qe7 15. N@h5 B@f8 16. Nxg7+ Bxg7 17. P@f6 
Bxf6 18. exf6 Qxf6 19. B@g5 Qg6 20. N@f6+ Kd8 21. Nxd7+ Kxd7 22. B@h5 Qf5 
23. Qg4 Qxg4 24. Bxg4 N@c6 25. c4 P@e7 26. cxd5 Nxd4 27. P@c6+ Ke8 28. Q@d7+ 
Kf8 29. Qxe7+ Kg8 30. dxe6 Q@g7 31. exf7# 
{venomous resigns} 1-0

[Event "fics rated crazyhouse match"]
[Site "fics, Oklahoma City, OK USA"]
[Date "2000.02.26"]
[White "venomous"]
[WhiteElo "2402"]
[Black "XXNoWay"]
[BlackElo "2401"]
[TimeControl "60+0"]
[Result "1-0"]

1. b3 e6 2. Bb2 Nf6 3. Nf3 Nc6 4. e3 d5 5. Bb5 Be7 6. O-O 
O-O 7. d3 Bd7 8. Nbd2 Bd6 9. e4 dxe4 10. dxe4 e5 11. Bxc6 Bxc6 
12. N@f5 Nxe4 13. Nxe4 Bxe4 14. Nxg7 Kxg7 15. N@h5+ Kg8 16. Qe2 Bxf3 17. Qxf3 
P@g6 18. B@f6 Qd7 19. Bfxe5 B@e7 20. P@g7 N@g5 21. gxf8=Q+ Kxf8 22. R@h8+ N@g8 
23. P@g7+ Ke8 24. Rxg8+ Bf8 25. N@f6+ Kd8 26. gxf8=Q+ N@e8 27. Qg4 P@f5 28. Nxd7 
fxg4 29. Qxe8# 
{XXNoWay checkmated} 1-0

[Event "fics rated crazyhouse match"]
[Site "fics, Oklahoma City, OK USA"]
[Date "2000.02.26"]
[White "XXNoWay"]
[WhiteElo "2393"]
[Black "venomous"]
[BlackElo "2410"]
[TimeControl "60+0"]
[Result "0-1"]

1. e4 e6 2. Nc3 Nc6 3. Nf3 Bb4 4. Bb5 d6 5. d4 Bd7 6. O-O 
Nf6 7. Bxc6 bxc6 8. Bg5 B@e7 9. e5 Bxc3 10. bxc3 Nd5 11. Bxe7 Qxe7 
12. B@h4 f6 13. exf6 gxf6 14. P@e5 P@g7 15. N@h5 N@f5 16. exf6 Nxh4 17. fxe7 
Nxf3+ 18. Qxf3 B@f6 19. Nxf6+ gxf6 20. P@f7+ Kxe7 21. N@g8+ Rhxg8 22. fxg8=Q Rxg8 
23. B@h6 N@g5 24. B@f8+ Ke8 25. R@b8+ B@c8 26. Bxg5 Rxg5 27. Bxd6 cxd6 28. N@c7+ 
Nxc7 29. Qxf6 Rxg2+ 30. Kxg2 B@d5+ 31. f3 N@e3+ 32. Kf2 N@g4+ 33. fxg4 Nxg4+ 
34. Ke2 P@f3+ 35. Kd2 B@e3+ 36. Ke1 P@d2# 
{XXNoWay resigns} 0-1

[Event "fics rated crazyhouse match"]
[Site "fics, Oklahoma City, OK USA"]
[Date "2000.02.26"]
[White "venomous"]
[WhiteElo "2418"]
[Black "XXNoWay"]
[BlackElo "2385"]
[TimeControl "60+0"]
[Result "1-0"]

1. e4 e6 2. d4 Nf6 3. Bd3 Nc6 4. Be3 d5 5. e5 Nd7 6. Nh3 
Nb6 7. O-O Bd7 8. Nc3 Rg8 9. Bxh7 Rh8 10. P@g6 fxg6 11. Bxg6+ P@f7 
12. Bh5 g6 13. Bg4 Qh4 14. Bg5 Qh7 15. Nb5 Rc8 16. P@c5 Nc4 17. b3 
N4a5 18. Qd2 a6 19. Qxa5 Nxa5 20. N@f6+ Kd8 21. Nxh7+ Ke8 22. Nf6+ Kd8 
23. Nxd5+ Ke8 24. Ndxc7+ Rxc7 25. Nxc7# 
{XXNoWay checkmated} 1-0

[Event "fics rated crazyhouse match"]
[Site "fics, Oklahoma City, OK USA"]
[Date "2000.02.26"]
[White "XXNoWay"]
[WhiteElo "2378"]
[Black "venomous"]
[BlackElo "2425"]
[TimeControl "60+0"]
[Result "1-0"]

1. e4 e6 2. Nc3 Nc6 3. Nf3 Bb4 4. Bb5 d6 5. O-O Bd7 6. d4 
Nf6 7. Bxc6 Bxc6 8. Bg5 B@e7 9. Bxf6 Bxf6 10. d5 Bd7 11. N@h5 B@g4 
12. Nxf6+ Qxf6 13. B@g5 Qg6 14. N@f4 Bxf3 15. Nxg6 hxg6 16. Q@e7# 
{venomous checkmated} 1-0

[Event "fics rated crazyhouse match"]
[Site "fics, Oklahoma City, OK USA"]
[Date "2000.02.26"]
[White "venomous"]
[WhiteElo "2416"]
[Black "XXNoWay"]
[BlackElo "2387"]
[TimeControl "60+0"]
[Result "1-0"]

1. e4 Nf6 2. Nc3 d5 3. exd5 Nxd5 4. Bc4 e6 5. Nh3 Nc6 6. O-O 
Nxc3 7. dxc3 N@e5 8. Qxd8+ Nxd8 9. Bb5+ P@c6 10. Be2 Bd6 11. Bf4 Bd7 
12. N@h5 Rg8 13. P@f6 g6 14. Ng7+ Kf8 15. Q@h6 
{XXNoWay resigns} 1-0

[Event "fics rated crazyhouse match"]
[Site "fics, Oklahoma City, OK USA"]
[Date "2000.02.26"]
[White "XXNoWay"]
[WhiteElo "2380"]
[Black "venomous"]
[BlackElo "2423"]
[TimeControl "60+0"]
[Result "0-1"]

1. b3 e6 2. Bb2 Nc6 3. e3 Nf6 4. Bb5 Be7 5. f4 O-O 6. Nf3 
d5 7. O-O Bd7 8. Bxc6 bxc6 9. Ne5 B@e4 10. d3 Bf5 11. Nxd7 Nxd7 
12. Bxg7 Bf6 13. Bxf6 Qxf6 14. B@e5 Nxe5 15. fxe5 Qxe5 16. B@d4 Qxd4 17. exd4 
B@e3+ 18. P@f2 Bxd4 19. N@h6+ Kh8 20. Nxf5 exf5 21. B@c3 B@g7 22. Bxd4 Bxd4 
23. B@c3 Bxc3 24. Nxc3 B@d4 25. Qh5 B@g7 26. Qxh7+ Kxh7 27. N@g5+ Kg6 28. Q@h7+ 
Kxg5 29. B@h4+ Kf4 30. P@g3+ Ke5 31. Rfe1+ Kd6 32. Qxf5 B@e6 33. Be7+ Kxe7 
34. Nxd5+ cxd5 35. P@g5 P@d2 36. P@f6+ Kd7 37. fxg7 dxe1=Q+ 38. Rxe1 P@d2 39. B@b5+ 
c6 40. Bxc6+ Kxc6 41. P@b5+ Kxb5 42. c4+ Kb4 43. Rf1 P@e2 44. P@a3+ Kxa3 
45. Qxe6 fxe6 46. B@d6+ P@c5 
{XXNoWay forfeits on time} 0-1

[Event "fics rated crazyhouse match"]
[Site "fics, Oklahoma City, OK USA"]
[Date "2000.02.26"]
[White "venomous"]
[WhiteElo "2430"]
[Black "XXNoWay"]
[BlackElo "2373"]
[TimeControl "60+0"]
[Result "1-0"]

1. e4 e6 2. d4 Nf6 3. Bd3 d5 4. e5 Rg8 5. exf6 gxf6 6. N@g3 
P@e4 7. Bb5+ c6 8. Be2 Bd6 9. Nh3 Na6 10. Bf4 Bxf4 11. Nxf4 B@d6 
12. Nfh5 Bxg3 13. hxg3 Nb4 14. B@f4 Bd7 15. B@c5 Nxc2+ 16. Qxc2 P@e7 17. N@g7+ 
Kf8 18. Bh6 Qa5+ 19. b4 
{XXNoWay resigns} 1-0

[Event "fics rated crazyhouse match"]
[Site "fics, Oklahoma City, OK USA"]
[Date "2000.02.26"]
[White "XXNoWay"]
[WhiteElo "2366"]
[Black "venomous"]
[BlackElo "2437"]
[TimeControl "60+0"]
[Result "1-0"]

1. e4 e6 2. Nc3 Nc6 3. Nf3 Bb4 4. Bb5 d6 5. d4 Bd7 6. O-O 
Nf6 7. Bxc6 Bxc6 8. Bg5 B@e7 9. d5 exd5 10. exd5 Bxc3 11. dxc6 Bxb2 
12. P@d7+ Nxd7 13. cxd7+ Qxd7 14. Bxe7 Qxe7 15. B@h4 P@f6 16. Re1 B@e6 17. N@f5 
Qf8 18. Bxf6 Bxf6 19. N@d5 B@d8 20. P@e7 Bdxe7 21. Nxc7+ Kd7 22. Nxa8 Bxf5 
23. R@c7+ Kd8 24. Rcxe7 Bxe7 25. P@c7+ Kc8 26. B@d8 Bxd8 27. cxd8=Q+ Qxd8 28. B@e7 
Qd7 29. Qxd6 R@c6 30. Qxd7+ Bxd7 31. B@g3 P@c7 32. Bxc7 N@a6 33. Bg3 P@c7 
34. P@d6 cxd6 35. Bexd6 B@b6 36. P@c7 Bxc7 37. P@e7 Bxd6 38. Bxd6 Q@e8 39. Q@d8+ 
Qxd8 40. exd8=Q+ Rxd8 41. B@g3 N@f5 42. Q@g5 B@f6 43. Qxf5 Bxf5 44. N@e7+ Kd7 
45. Nxf5 P@d2 46. B@c8+ Rdxc8 47. Rad1 Kd8 48. Be7+ Bxe7 49. Rxd2# 
{venomous forfeits on time} 1-0

[Event "fics rated crazyhouse match"]
[Site "fics, Oklahoma City, OK USA"]
[Date "2000.02.26"]
[White "venomous"]
[WhiteElo "2427"]
[Black "XXNoWay"]
[BlackElo "2376"]
[TimeControl "60+0"]
[Result "1-0"]

1. e4 e6 2. d4 Nf6 3. Bd3 Nc6 4. Be3 d6 5. Nf3 Bd7 6. O-O 
h6 7. Nc3 e5 8. dxe5 dxe5 9. Bc4 P@e6 10. P@d5 exd5 11. exd5 P@g4 
12. dxc6 gxf3 13. cxd7+ Nxd7 14. Qxf3 P@e6 15. P@g6 f6 16. Bxe6 
{XXNoWay resigns} 1-0

[Event "fics rated crazyhouse match"]
[Site "fics, Oklahoma City, OK USA"]
[Date "2000.02.26"]
[White "XXNoWay"]
[WhiteElo "2369"]
[Black "venomous"]
[BlackElo "2434"]
[TimeControl "60+0"]
[Result "1-0"]

1. e4 e6 2. Nc3 Nc6 3. Nf3 d6 4. Bb5 Bd7 5. O-O Be7 6. d4 
Nf6 7. Bxc6 Bxc6 8. d5 Bd7 9. N@g5 O-O 10. dxe6 fxe6 11. P@d5 exd5 
12. exd5 P@f7 13. Nxf7 Rxf7 14. P@e6 B@h5 15. exd7 Nxd7 16. P@e6 Rxf3 17. B@f7+ 
Rxf7 18. Qxh5 B@g6 19. exf7+ Bxf7 20. B@e6 Bxe6 21. dxe6 B@g6 22. B@f7+ Bxf7 
23. Qxf7+ Kh8 24. exd7 B@g8 25. Qh5 P@g6 26. Qh3 P@f5 27. B@b3 P@e6 28. N@f4 
N@c5 29. Nxg6# 
{venomous checkmated} 1-0

[Event "fics rated crazyhouse match"]
[Site "fics, Oklahoma City, OK USA"]
[Date "2000.02.26"]
[White "venomous"]
[WhiteElo "2425"]
[Black "XXNoWay"]
[BlackElo "2378"]
[TimeControl "60+0"]
[Result "1-0"]

1. e4 b6 2. d4 Bb7 3. Bd3 e6 4. Nf3 Nf6 5. Nbd2 Nc6 6. c3 
d5 7. e5 Ne4 8. Nxe4 dxe4 9. Bxe4 N@d5 10. O-O Be7 11. N@h5 Bf8 
12. P@f6 gxf6 13. Bxd5 exd5 14. Nxf6+ Qxf6 15. exf6 O-O-O 16. P@e7 Nxe7 17. fxe7 
Bxe7 18. N@f5 B@d6 19. Nxe7+ Bxe7 20. B@h3+ P@e6 21. Ne5 Rhg8 22. N@c6 N@a6 
23. Nxe7+ Kb8 24. Nxg8 Rxg8 25. Nxf7 P@e4 26. R@d8+ Rxd8 27. Nxd8 P@f3 28. R@g8 
R@c8 29. P@d7 fxg2 30. Nc6# 
{XXNoWay resigns} 1-0

[Event "fics rated crazyhouse match"]
[Site "fics, Oklahoma City, OK USA"]
[Date "2000.02.26"]
[White "XXNoWay"]
[WhiteElo "2371"]
[Black "venomous"]
[BlackElo "2432"]
[TimeControl "60+0"]
[Result "1-0"]

1. e4 e6 2. Nc3 Nc6 3. Nf3 Bb4 4. Bb5 d6 5. O-O Bd7 6. d4 
Nf6 7. Bxc6 Bxc6 8. Bg5 B@e7 9. d5 Bd7 10. dxe6 Bxe6 11. P@f5 Bd7 
12. Bxf6 Bxf6 13. N@d5 Bbxc3 14. bxc3 B@e5 15. Nxe5 Bxe5 16. N@h5 P@c6 17. f4 
cxd5 18. fxe5 Qg5 19. B@f6 N@h3+ 20. Kh1 N@f2+ 21. Rxf2 Nxf2+ 22. Kg1 N@h3+ 
23. Kf1 R@g1+ 24. Ke2 Rxd1 25. Rxd1 Nxd1 26. R@e7+ Kf8 27. Rxf7+ Kxf7 28. e6+ 
Ke8 29. B@f7+ Kf8 30. P@e7# 
{venomous checkmated} 1-0

[Event "fics rated crazyhouse match"]
[Site "fics, Oklahoma City, OK USA"]
[Date "2000.02.26"]
[White "venomous"]
[WhiteElo "2423"]
[Black "XXNoWay"]
[BlackElo "2380"]
[TimeControl "60+0"]
[Result "1-0"]

1. e4 Nf6 2. Nc3 d5 3. exd5 Nxd5 4. Bc4 e6 5. Nh3 Nxc3 6. bxc3 
Nc6 7. O-O N@g5 8. Nxg5 Qxg5 9. P@g3 Ne5 10. Bb5+ P@c6 11. Be2 Bd6 
12. d4 Qg6 13. dxe5 Bxe5 14. N@h4 Qf6 15. N@e4 Qe7 16. N@h5 P@g6 17. f4 
gxh5 18. fxe5 N@f5 19. Bxh5 Nxh4 20. Bxf7+ Qxf7 21. Rxf7 B@c5+ 22. B@e3 N@h3+ 
23. gxh3 
{XXNoWay resigns} 1-0

[Event "fics rated crazyhouse match"]
[Site "fics, Oklahoma City, OK USA"]
[Date "2000.02.26"]
[White "XXNoWay"]
[WhiteElo "2373"]
[Black "venomous"]
[BlackElo "2430"]
[TimeControl "60+0"]
[Result "0-1"]

1. e4 e6 2. Nc3 Nc6 3. Nf3 Bb4 4. Bb5 d6 5. O-O Bd7 6. d4 
Nf6 7. Bg5 h6 8. Bxf6 Qxf6 9. Bxc6 Bxc6 10. e5 Qg6 11. N@f4 Qf5 
12. exd6 Bxd6 13. P@e5 Bb4 14. Nd3 Bxc3 15. bxc3 Bxf3 16. gxf3 N@h3+ 17. Kh1 
P@g2+ 18. Kxg2 N@f4+ 19. Kg3 Qg5+ 20. P@g4 B@h4# 
{XXNoWay checkmated} 0-1

[Event "fics rated crazyhouse match"]
[Site "fics, Oklahoma City, OK USA"]
[Date "2000.02.26"]
[White "venomous"]
[WhiteElo "2437"]
[Black "XXNoWay"]
[BlackElo "2366"]
[TimeControl "60+0"]
[Result "0-1"]

1. e4 Nf6 2. Nc3 Nc6 3. Nf3 e5 4. Bc4 Be7 5. O-O O-O 6. d3 
d6 7. h3 Nd4 8. Nxd4 exd4 9. Nd5 Nxd5 10. exd5 N@h4 11. N@f4 Bg5 
12. N@e1 Bxf4 13. Bxf4 N@h5 14. B@g3 Nxf4 15. Bxf4 B@f5 16. N@g4 h5 17. Bg3 
Bxg4 18. hxg4 Bxg4 19. f3 Nxf3+ 20. gxf3 N@h3+ 21. Kh1 P@f4 22. fxg4 fxg3 
23. Qf3 N@e3 24. gxh5 P@g2+ 25. Nxg2 Nxg2 26. Qxg2 N@f2+ 27. Rxf2 Nxf2+ 28. Kg1 
B@h2+ 29. Kf1 R@g1+ 30. Qxg1 Bxg1 31. P@h7+ Kh8 32. B@e4 Nxe4 33. dxe4 Q@f2# 
{venomous checkmated} 0-1

[Event "fics rated crazyhouse match"]
[Site "fics, Oklahoma City, OK USA"]
[Date "2000.02.26"]
[White "XXNoWay"]
[WhiteElo "2376"]
[Black "venomous"]
[BlackElo "2427"]
[TimeControl "60+0"]
[Result "1-0"]

1. d4 e6 2. Nc3 Nc6 3. Nf3 Bb4 4. e4 d6 5. Bd3 Nf6 6. Bg5 
h6 7. Bxf6 Qxf6 8. O-O Nxd4 9. Nxd4 Bxc3 10. bxc3 B@b2 11. N@g4 Qe7 
12. B@b4 P@c5 13. N@c6 bxc6 14. Nxc6 Qd7 15. P@f6 Qxc6 16. fxg7 Rg8 17. P@h7 
Rxg7 18. h8=Q+ Kd7 19. Qxg7 cxb4 20. Qxf7+ B@e7 21. Nf6+ Kd8 22. R@e8# 
{venomous resigns} 1-0

[Event "fics rated crazyhouse match"]
[Site "fics, Oklahoma City, OK USA"]
[Date "2000.02.26"]
[White "venomous"]
[WhiteElo "2418"]
[Black "XXNoWay"]
[BlackElo "2385"]
[TimeControl "60+0"]
[Result "1-0"]

1. e4 d5 2. exd5 Qxd5 3. Nc3 Qd8 4. Nf3 Nf6 5. Bc4 Bg4 6. O-O 
e6 7. P@h3 Bxf3 8. Qxf3 Bd6 9. B@g5 N@d4 10. Qd1 P@h6 11. Bxf6 Qxf6 
12. N@e4 Qe7 13. d3 B@f5 14. Be3 Bxe4 15. dxe4 c5 16. Bxd4 cxd4 17. Qxd4 
B@e5 18. Qxe5 Bxe5 19. P@g3 Bxc3 20. bxc3 N@e5 21. B@b4 Qxb4 22. cxb4 Nxc4 
23. Q@c8+ B@d8 24. Qxc4 B@c6 25. B@e5 N@b6 26. N@d6+ Kf8 27. Bxg7+ Kxg7 28. N@h5+ 
Kg8 29. Qc3 f6 30. Nxf6+ Kf8 31. P@g7+ Ke7 32. gxh8=Q 
{XXNoWay resigns} 1-0

[Event "fics rated crazyhouse match"]
[Site "fics, Oklahoma City, OK USA"]
[Date "2000.02.26"]
[White "XXNoWay"]
[WhiteElo "2378"]
[Black "venomous"]
[BlackElo "2425"]
[TimeControl "60+0"]
[Result "1-0"]

1. d4 e6 2. Nc3 Nc6 3. Nf3 Nf6 4. Bg5 Be7 5. Bxf6 Bxf6 6. e4 
B@b4 7. Bb5 a6 8. Bxc6 dxc6 9. O-O B@h5 10. N@g3 Bxf3 11. Qxf3 Bxd4 
12. Rad1 N@e5 13. Qh5 O-O 14. B@h4 f6 15. Qxe5 Bxe5 16. Rxd8 Rxd8 17. N@g4 
Q@g6 18. Nxe5 fxe5 19. B@h5 N@h3+ 20. gxh3 Qxh5 21. Nxh5 R@g6+ 22. N@g3 B@f7 
23. Bxd8 Bd7 24. Bh4 P@f3 25. R@g4 Rxg4 26. hxg4 R@g6 27. N@f6+ gxf6 28. Bxf6 
N@h3+ 29. Kh1 Rxf6 30. Q@g7# 
{venomous checkmated} 1-0

[Event "fics rated crazyhouse match"]
[Site "fics, Oklahoma City, OK USA"]
[Date "2000.02.26"]
[White "venomous"]
[WhiteElo "2416"]
[Black "XXNoWay"]
[BlackElo "2387"]
[TimeControl "60+0"]
[Result "1-0"]

1. e4 e5 2. Bc4 d6 3. Nf3 Be7 4. O-O Nf6 5. d4 exd4 6. e5 
dxe5 7. Bxf7+ Kxf7 8. Nxe5+ Kf8 9. P@h6 gxh6 10. Bxh6+ P@g7 11. Bxg7+ Kxg7 
12. P@g5 h6 13. gxf6+ Bxf6 14. N@h5+ Kf8 15. Ng6+ Kg8 16. Nxh8 Kxh8 17. R@g6 
P@g7 18. Nxf6 gxf6 19. Rxh6+ P@h7 20. Qh5 B@e4 21. B@f3 B@g6 22. Bxe4 Bxh5 
23. Rxh7+ Kg8 24. Rxh5 N@g5 25. P@h7+ Kg7 26. B@h6+ Kf7 27. Bxg5 fxg5 28. B@g6+ 
Ke7 29. h8=Q B@g8 30. Qe5+ P@e6 31. N@f5+ Kd7 32. Qxd4+ N@d6 33. Nxd6 cxd6 
34. N@e5+ Kc7 35. P@c5 Nc6 36. cxd6+ Qxd6 37. Qxd6+ Kxd6 38. Nc4+ Kc5 39. Q@d6+ 
Kxc4 40. Nd2+ Kb5 41. c4+ Kb6 42. P@c5+ Ka6 43. P@b5+ Ka5 44. bxc6 bxc6 
45. N@b3+ Ka4 46. Bxc6# 
{XXNoWay forfeits on time} 1-0